 Dungeon Crawl Stone Soup version 0.22-a0-136-g83a10e5 (webtiles) character file.

89 MatthieuS the Ruffian (level 4, 0/41 HPs)
             Began as a Troll Transmuter on Feb 3, 2018.
             Succumbed to RedSky's ghost's poison
             ... on level 3 of the Dungeon.
             The game lasted 00:05:34 (1622 turns).

MatthieuS the Ruffian (Troll Transmuter)            Turns: 1622, Time: 00:05:35

Health: 0/41       AC:  5    Str: 23    XL:     4   Next: 31%
Magic:  2/5        EV: 10    Int: 10    God:
Gold:   49         SH:  0    Dex: 10    Spells: 0/6 levels left

rFire    . . .     SeeInvis .   g - +2 whip (elec)
rCold    . . .     Gourm    +   (no shield)
rNeg     + . .     Faith    .   b - +0 robe
rPois    .         Spirit   .   (helmet restricted)
rElec    .         Reflect  .   (no cloak)
rCorr    .         Harm     .   (gloves unavailable)
MR       .....                  (boots unavailable)
Stlth    +.........             (no amulet)
HPRegen  0.53/turn              l - ring of positive energy
MPRegen  0.09/turn              (no ring)

@: mighty, lethally poisoned (0 -> -33), flying
A: large, unfitting armour, claws 3, fast metabolism 3, gourmand, regeneration
1, shaggy fur 1, tough skin 2
a: no special abilities


You were on level 3 of the Dungeon.
You were not hungry.

You visited 1 branch of the dungeon, and saw 3 of its levels.

You collected 49 gold pieces.

Inventory:

Hand Weapons
 g - a +2 whip of electrocution (weapon)
 j - a cursed -1 dagger
 q - a cursed -3 dagger
Missiles
 a - 10 arrows
 f - 6 large rocks (quivered)
Armour
 b - a +0 robe (worn)
Jewellery
 l - a ring of positive energy (left claw)
 o - a +1 ring of slaying {unknown}
Wands
 n - a wand of paralysis (11)
Scrolls
 h - 2 scrolls of remove curse {unknown}
 i - a scroll of random uselessness {unknown}
 k - a scroll of enchant armour {unknown}
 m - a scroll of teleportation {unknown}
Books
 c - a book of Changes

   Spells                             Type                      Level
   a - Beastly Appendage              Transmutation                1
   b - Sticks to Snakes               Transmutation                2
   c - Spider Form                    Transmutation/Poison         3
   d - Ice Form                       Ice/Transmutation            4
   e - Blade Hands                    Transmutation                5
Comestibles
 d - 7 rations


   Skills:
 + Level 1.6 Fighting
 - Level 1.5 Dodging
 + Level 3.4 Unarmed Combat
 + Level 1.6 Spellcasting
 * Level 2.4 Transmutations
 + Level 0.0 Poison Magic


You couldn't memorise any spells.
You knew the following spells:

 Your Spells              Type           Power        Failure   Level  Hunger
a - Beastly Appendage     Tmut           #.....       12%         1    ##.....
b - Sticks to Snakes      Tmut           #.......     19%         2    ###....
c - Spider Form           Tmut/Pois      #.........   50%         3    ####...


Dungeon Overview and Level Annotations

Branches:
Dungeon (3/15)

Altars:
Nemelex Xobeh

Annotations:
D:3 RedSky's ghost, amateur DsNe


Innate Abilities, Weirdness & Mutations

You are too large for most types of armour.
You have claws for hands.
Your metabolism is lightning-fast.
You like to eat raw meat.
Your natural rate of healing is unusually fast.
You are covered in fur. (AC +1)
You have very tough skin. (AC +2)


Message History

You feel very sick.
Your ball python misses RedSky's ghost.
Your ball python closely misses RedSky's ghost.
RedSky's ghost hits you.
* * * LOW HITPOINT WARNING * * *
Your ball python closely misses RedSky's ghost.
It was a potion of flight.
You feel very buoyant.
You fly up into the air.
* * * LOW HITPOINT WARNING * * *
You feel very sick.
Your ball python bites RedSky's ghost but does no damage.
RedSky's ghost hits you.
* * * LOW HITPOINT WARNING * * *
You are more poisoned.
Your ball python bites RedSky's ghost.
Your ball python bites RedSky's ghost but does no damage.
It was a potion of might.
You feel very mighty all of a sudden.
You die...

###########
#..........
#..........
#..........
##...).....≈
#<......(..≈
##..@......≈
#..SWS.....
#..........
#..........
#..........
#.......$..
#########..
..


You could see RedSky's ghost and 2 friendly ball pythons.

Vanquished Creatures
  6 adders (D:2)
  A worm (D:2)
  A dart slug (D:1)
  2 leopard geckos (D:1)
  A giant cockroach (D:1)
  2 goblins (D:1)
  A hobgoblin (D:2)
  2 jackals (D:2)
  9 kobolds
  2 ball pythons (D:1)
  3 bats
  3 frilled lizards
  A rat (D:2)
34 creatures vanquished.

Notes
Turn   | Place    | Note
-------+----------+-------------------------------------------
     0 | D:1      | MatthieuS the Troll Transmuter began the quest for the Orb.
     0 | D:1      | Reached XP level 1. HP: 18/18 MP: 1/1
   172 | D:1      | Reached skill level 1 in Fighting
   231 | D:1      | Reached XP level 2. HP: 27/27 MP: 3/3
   246 | D:1      | Learned a level 2 spell: Sticks to Snakes
   789 | D:2      | Reached XP level 3. HP: 26/33 MP: 4/4
  1170 | D:2      | Found a sparkling altar of Nemelex Xobeh.
  1389 | D:2      | Reached XP level 4. HP: 37/41 MP: 5/5
  1433 | D:2      | Learned a level 3 spell: Spider Form
  1605 | D:3      | Noticed RedSky's ghost (amateur DsNe)
  1622 | D:3      | Succumbed to RedSky's ghost's poison

Vault maps used:
D:1:      dpeg_arrival_signposts
D:2:      nemelex_xobeh_ov_fountains_minmay
D:3:      marbit_many_paths, first_ration, moated_statue

Skill      XL: |  1  2 |
---------------+-------+-----
Fighting       | 1 |  1.6
Transmutations | 2 |  2.4
Dodging        | |  1.5
Unarmed Combat | |  3.4
Spellcasting   | |  1.6

Action                   |  1- 3 |  4- 6 || total
-------------------------+-------+-------++-------
Melee: Whip              |    78 |    22 ||   100
       Unarmed           |     6 |       ||     6
       Punch             |       |     1 ||     1
 Cast: Sticks to Snakes  |       |     2 ||     2
  Use: Potion            |       |     2 ||     2
 Stab: Sleeping          |       |     1 ||     1
  Eat: Chunk             |    12 |     2 ||    14
Armor: Robe              |    45 |     8 ||    53
Dodge: Dodged            |    53 |     6 ||    59

Table legend:
 A = Spawn XP
 B = Non-spawn XP
 C = Spawn XP percentage of total XP
 D = Spawn monster count
 E = Non-spawn monster count
 F = Spawn count percentage of total count
 G = Total turns spent on level
                    A         B        C        D         E        F      G
               +---------+---------+-------+---------+---------+-------+---------
         Total |       0 |     128 |   0.0 |       0 |      34 |   0.0 |  1622
               +---------+---------+-------+---------+---------+-------+---------
           D:1 |       0 |      30 |   0.0 |       0 |      18 |   0.0 |   731
           D:2 |       0 |      98 |   0.0 |       0 |      16 |   0.0 |   872
               +---------+---------+-------+---------+---------+-------+---------
